 Dungeon Crawl Stone Soup version 0.32-a0-7-ge934b4519a (webtiles) character file.

Game seed: 326291800607878540

24200 experimilk the Grappler (level 12, -1/122 (126) HPs)
             Began as a Troll Gladiator on Jan 13, 2024.
             Was a Priest of Ru.
             Slain by a red devil
             ... wielding a +0 trident
              (8 damage)
             ... in a Gauntlet.
             The game lasted 00:46:48 (17464 turns).

experimilk the Grappler (Troll Gladiator)          Turns: 17464, Time: 00:46:48

HP:   -1/122 (126)  AC:  4    Str: 29    XL:     12   Next: 78%
MP:   0/11          EV: 14    Int:  4    God:    Ru [***...]
Gold: 854           SH:  0    Dex: 13    Spells: 11/11 levels left

rFire   x .          .
                       - Unarmed
rCold   + . .        (no shield)
rNeg    . . .        f - +0 robe
rPois   .            b - +0 hat
rElec   .            (no cloak)
rCorr   .            (gloves unavailable)
SInv    .            (boots unavailable)
Will    +....        S - amulet of guardian spirit Stlth
                     w - ring of ice
HPRegen 1.20/turn    Q - ring "Dedwyme" {Will+ Dex+2}
MPRegen 0.12/turn

%: no teleportation, guardian spirit
@: confused, exhausted, ambrosia-drunk, spiked, studying 3 skills, lightly
drained
A: large, unfitting armour, claws 3, regeneration 1, shaggy fur 1, tough skin 1,
no stealth, no air magic, no hexes magic, no necromancy magic, unskilled 1
a: Renounce Religion, Draw Out Power


You were in a Gauntlet.
You worshipped Ru.
Ru was most pleased with you.
You visited 2 branches of the dungeon, and saw 14 of its levels.
You also visited: Bailey, Gauntlet and Ice Cave.

You collected 1266 gold pieces.
You spent 412 gold pieces at shops.

Inventory:

Missiles
 a - 23 poisoned darts (quivered)
 c - 8 javelins
 q - 2 throwing nets
 x - 33 boomerangs
 z - a large rock
Armour
 b - a +0 hat (worn)
 f - a +0 robe (worn)
Jewellery
 w - a ring of ice (left claw)
 F - an amulet of the acrobat
 I - a ring of fire
 Q - the ring "Dedwyme" (right claw) {Will+ Dex+2}
   (You found it in an ice cave)

   [ring of willpower]

   Dex+2:     It affects your dexterity (+2).
   Will+:     It increases your willpower.
 S - an amulet of guardian spirit (around neck)
Wands
 t - a wand of roots (14)
 G - a wand of flame (37)
 N - a wand of mindburst (7)
 V - a wand of quicksilver (2)
Scrolls
 j - a scroll of revelation
 k - 2 scrolls of poison {unknown}
 m - 3 scrolls of teleportation
 p - 2 scrolls of blinking {unknown}
 v - 3 scrolls of enchant armour
 y - a scroll of noise {unknown}
 A - 2 scrolls of vulnerability {unknown}
 H - a scroll of fear
 O - 2 scrolls of amnesia {unknown}
 U - a scroll of immolation {unknown}
Potions
 d - a potion of lignification
 e - 2 potions of resistance
 h - 5 potions of enlightenment
 i - 3 potions of curing
 n - 2 potions of haste
 o - 2 potions of cancellation
 s - 4 potions of magic
 J - 2 potions of might
 L - a potion of berserk rage {unknown}
 T - a potion of ambrosia


   Skills:
 - Level 10.0 Fighting
 - Level 10.0 Throwing
 - Level 10.0 Dodging
 * Level 10.2 Unarmed Combat


You had 11 spell levels left.
You didn't know any spells.
Your spell library contained the following spells:

 Spells                   Type           Power      Damage    Failure   Level
 Freeze                   Ice            0%         1d3       50%         1
 Blink                    Tloc           0%         N/A       65%         2
 Lesser Beckoning         Tloc           0%         N/A       65%         2
 Momentum Strike          Conj/Tloc      0%         3d8       65%         2
 Frozen Ramparts          Ice            0%         1d1       86%         3
 Hailstorm                Conj/Ice       0%         3d5       86%         3
 Volatile Blastmotes      Fire/Tloc      0%         2d10      86%         3
 Fulminant Prism          Conj/Alch      0%         3d5       99%         4
 Iskenderun's Mystic Bla  Conj/Tloc      0%         2d3       99%         4
 Alistair's Intoxication  Alch           0%         N/A       100%        5
 Eringya's Noxious Bog    Alch           0%         4d6       100%        6
 Kiss of Death            Conj/Necr      Unusable   2d5       N/A         1
 Confusing Touch          Hex            Unusable   N/A       N/A         3
 Dispel Undead            Necr           Unusable   3d6       N/A         4
 Borgnjor's Vile Clutch   Necr/Erth      Unusable   N/A       N/A         5

Dungeon Overview and Level Annotations

Branches:
Dungeon (11/15)            Temple (0/1) D:7            Lair (3/5) D:10
  Swamp (0/4) Lair:2       Spider (0/4) Lair:3          Orc (0/2) D:9
 Bailey (visited)           IceCv (visited)         Gauntlet (1/1)

Altars:
Ashenzari
Elyvilon
Kikubaaqudgha
Nemelex Xobeh
Ru
Sif Muna

Shops:
D:7 ?   D:10 (

Annotations:
D:7 2 transporters
Lair:3 1 runed translucent door Gauntlet 13 transporters, 2 runed translucent doors


Innate Abilities, Weirdness & Mutations

You are too large for most types of armour.
You have claws for hands.
Your natural rate of healing is unusually fast.
You are covered in fur. (AC +1)
You have tough skin. (AC +1)
You cannot be stealthy.
You cannot study or cast Air magic.
You cannot study or cast Hexes magic.
You cannot study or cast Necromancy magic.
You are somewhat unskilled. (-1 Apt)


Message History

You mangle the smoke demon!!
You kill the smoke demon!
The liquid fire burns you!
You barely miss the crimson imp. The liquid fire burns you!
* * * LOW HITPOINT WARNING * * *
The crimson imp blinks!
The crimson imp is stunned by your conviction and fails to attack.
The red devil hits you from afar with a +0 trident!
* * * LOW HITPOINT WARNING * * *
Barbed spikes become lodged in your body.
The crimson imp barely misses you.
You completely miss the crimson imp. The liquid fire burns you!
* * * LOW HITPOINT WARNING * * *
The crimson imp blinks!
The crimson imp grins evilly.
You redirect the crimson imp's attack!
The crimson imp hits you but does no damage. x2
The red devil barely misses you.
The barbed spikes dig painfully into your body as you move.
* * * LOW HITPOINT WARNING * * *
The crimson imp blinks!
The barbed spikes dig painfully into your body as you move.
* * * LOW HITPOINT WARNING * * *
The red devil hits you from afar with a +0 trident!!
* * * LOW HITPOINT WARNING * * *
Barbed spikes become lodged in your body.
You are confused.
You feel invigorated.
The red devil hits you from afar with a +0 trident!
* * * LOW HITPOINT WARNING * * *
Barbed spikes become lodged in your body.
The crimson imp barely misses you.
You're too confused to attack without stumbling around!
Unknown command.
You're too confused to attack without stumbling around!
You miss the crimson imp.
The crimson imp blinks!
The red devil hits you from afar with a +0 trident!
You die...

#########.#.♣.P.♣..####
#.......#.#.........≈≈#
#...♣...#.#########..≈#
...P.PP.#.#..8#8§.#...##
.P#≈#≈#.#.#.§§8§§§#.∩.≈##
.P≈≈≈≈≈.#.#§§8§858#...≈≈##
♣P#≈#≈#.#©#§8§§48##©.♣≈≈≈#
.P≈≈≈≈≈.#.#$§8§8§8#...≈≈##
..#≈#≈#.#.#§§§85@5#.∩.≈##
....PPP.#.#.§8#8§.#...##
#..P♣...#.#########..≈#
#.......#.#.........≈≈#
#########.#.♣.P.♣..####
#xxx#xxx#.#..P.P..≈#
#?#.#.#.#.#.P.♣..≈≈#
#!#.#.#.#.#.....####
#©##©##.#©#.♣..≈#


You could see a red devil and 3 crimson imps.

Vanquished Creatures
  Gastronok (Lair:2)
  An ice dragon (IceCv)
  Pikel (D:4)
  An oklob plant (Lair:2)
  A cyclops (D:10)
  8 elephants
  Joseph (D:9)
  A smoke demon (Gauntlet)
  Jeremiah (D:9)
  A gargoyle (D:11)
  2 ice statues (IceCv)
  5 cane toads
  4 komodo dragons
  5 rime drakes
  2 polar bears (Lair:2)
  2 shadows
  A wraith (D:7)
  A wyvern (Lair:3)
  Grum (D:8)
  24 yaks
  3 basilisks
  4 vampire mosquitoes (D:11)
  2 acid dragons
  12 water moccasins
  Duvessa (D:6)
  2 ice beasts
  13 orc warriors
  3 black bears
  An ogre (D:4)
  11 wolves
  3 phantoms (D:5)
  3 centaurs
  A lemure (D:4)
  4 kobold brigands
  8 bullfrogs
  2 gnoll sergeants
  A scorpion (D:5)
  Dowan (D:6)
  4 wights (D:9)
  4 lindwurm simulacra (IceCv)
  2 electric eels
  2 howler monkeys (D:10)
  A bombardier beetle (D:3)
  8 komodo dragon simulacra (IceCv)
  3 hounds
  7 orc priests
  A gnoll bouda (D:8)
  4 sleepcaps
  3 iguanas (D:4)
  14 orc wizards
  The ghost of Iich the Trooper, a weakling DsFi (D:4)
  14 gnolls
  6 acid dragon simulacra (IceCv)
  An adder (D:5)
  13 white imps
  3 steam dragon simulacra (IceCv)
  5 dart slugs
  38 orcs
  3 ball pythons
  A bat (D:3)
  6 endoplasms
  A giant cockroach (D:3)
  15 goblins
  3 hobgoblins
  7 jackals
  2 quokkas
  3 frilled lizards
  33 kobolds
  4 rats
351 creatures vanquished.

Notes
Turn   | Place    | Note
-------+----------+-------------------------------------------
     0 | D:1      | experimilk the Troll Gladiator began the quest for the Orb.
     0 | D:1      | Reached XP level 1. HP: 19/19 MP: 0/0
   360 | D:1      | Reached XP level 2. HP: 18/27 MP: 1/1
   799 | D:2      | Found a faded altar of an unknown god.
  1061 | D:2      | Found a broken altar of Ashenzari.
  1358 | D:3      | Reached XP level 3. HP: 33/33 MP: 2/2
  1483 | D:3      | Reached skill level 5 in Unarmed Combat
  1483 | D:3      | Reached XP level 4. HP: 24/41 MP: 3/3
  1859 | D:3      | Found a sacrificial altar of Ru.
  2087 | D:3      | Became a worshipper of Ru the Awakened
  2138 | D:4      | Noticed a lemure
  2187 | D:4      | Noticed an ogre
  2188 | D:4      | Killed an ogre
  2189 | D:4      | Reached XP level 5. HP: 48/48 MP: 4/4
  2353 | D:4      | Noticed a black bear
  2379 | D:4      | Noticed an ice beast
  2493 | D:3      | Killed an ice beast
  2494 | D:3      | Reached XP level 6. HP: 44/55 MP: 5/5
  3486 | D:4      | Reached XP level 7. HP: 44/62 MP: 6/6
  3626 | D:4      | Noticed Pikel
  3642 | D:4      | Killed Pikel
  3698 | D:4      | Reached XP level 8. HP: 70/70 MP: 7/7
  3701 | D:4      | Reached skill level 10 in Unarmed Combat
  3764 | D:4      | Found a runed translucent gate.
  3764 | D:4      | Found a runed translucent gate.
  3764 | D:4      | Found a runed translucent gate.
  3764 | D:4      | Noticed Iich's ghost (weakling DsFi)
  3902 | D:4      | Killed Iich's ghost
  4193 | D:5      | Entered Level 5 of the Dungeon
  4623 | D:5      | Gained mutation: You cannot be stealthy. [Ru sacrifice]
  4666 | D:5      | Reached skill level 5 in Throwing
  5465 | D:6      | Found a white marble altar of Elyvilon.
  5576 | D:6      | Noticed Duvessa
  5579 | D:6      | Noticed Dowan
  5582 | D:6      | Killed Duvessa
  5583 | D:6      | Reached XP level 9. HP: 64/76 MP: 8/8
  5588 | D:6      | Killed Dowan
  6157 | D:7      | Found a transporter.
  6159 | D:7      | Noticed a manticore
  6165 | D:7      | Found a transporter.
  6167 | D:7      | Noticed a green ugly thing
  6198 | D:7      | Found Gochucw's Magic Scroll Emporium.
  6202 | D:7      | Identified the +1 mace of Pirumut {venom, +Blink rC+ Int+3
                  | Dex+2}
  6206 | D:7      | Bought a scroll of teleportation for 48 gold pieces
  6206 | D:7      | Bought a scroll of fear for 64 gold pieces
  6206 | D:7      | Bought a scroll of identify for 32 gold pieces
  6206 | D:7      | Bought a scroll of revelation for 120 gold pieces
  6206 | D:7      | Bought a scroll of fear for 64 gold pieces
  6550 | D:7      | Found a flagged portal.
  6557 | D:7      | Found a staircase to the Ecumenical Temple.
  6570 | Bailey   | Entered a bailey
  6656 | Bailey   | Noticed an orc warlord
  6773 | Bailey   | Found a runed translucent gate.
  6773 | Bailey   | Found a runed translucent gate.
  6912 | Bailey   | Found a runed translucent gate.
  7197 | D:7      | Acquired a manual of Fighting
  7340 | D:7      | Found an ancient bone altar of Kikubaaqudgha.
  7341 | D:7      | Found a shimmering blue altar of Sif Muna.
  7342 | D:7      | Found a broken altar of Ashenzari.
  7573 | D:8      | Gained mutation: You are somewhat unskilled. (-1 Apt) [Ru
                  | sacrifice]
  7573 | D:8      | Reached * piety under Ru
  7573 | D:8      | Reached ** piety under Ru
  7634 | D:8      | Noticed Grum
  7645 | D:8      | Killed Grum
  7772 | D:8      | Reached XP level 10. HP: 74/92 MP: 9/9
  8244 | D:8      | Reached skill level 5 in Fighting
  8905 | D:9      | Noticed Joseph
  8912 | D:9      | Killed Joseph
  9769 | D:9      | Reached skill level 10 in Throwing
  9769 | D:9      | Found a staircase to the Orcish Mines.
  9999 | D:9      | Noticed Jeremiah
 10014 | D:9      | Killed Jeremiah
 10078 | D:10     | Entered Level 10 of the Dungeon
 10135 | D:10     | Found a staircase to the Lair.
 10211 | D:10     | Found a sparkling altar of Nemelex Xobeh.
 10341 | D:10     | Reached XP level 11. HP: 81/115 MP: 10/10
 10867 | D:10     | Reached skill level 10 in Fighting
 11659 | D:10     | Found Belesar's Weapon Boutique.
 11666 | D:10     | Bought 3 boomerangs for 84 gold pieces
 12202 | D:11     | Reached skill level 10 in Unarmed Combat
 12744 | Lair:1   | Entered Level 1 of the Lair of Beasts
 12862 | Lair:1   | Found a frozen archway.
 12894 | IceCv    | Entered an ice cave
 13695 | IceCv    | Reached skill level 5 in Dodging
 13853 | IceCv    | Noticed an ice dragon
 13871 | IceCv    | Killed an ice dragon
 14064 | IceCv    | Identified the ring "Gule" {rF- Will+ rCorr Str+2 Dex+3}
 14068 | IceCv    | Identified the ring "Dedwyme" {Will+ Dex+2}
 14541 | Lair:1   | Gained mutation: You cannot study or cast Air magic. [Ru
                  | sacrifice]
 14541 | Lair:1   | Gained mutation: You cannot study or cast Hexes magic. [Ru
                  | sacrifice]
 14541 | Lair:1   | Gained mutation: You cannot study or cast Necromancy magic.
                  | [Ru sacrifice]
 14541 | Lair:1   | Reached *** piety under Ru
 14581 | Lair:1   | Reached XP level 12. HP: 124/126 MP: 11/11
 15389 | Lair:2   | Noticed Gastronok
 15651 | Lair:2   | Found a staircase to the Swamp.
 15850 | Lair:2   | Killed Gastronok
 17116 | Lair:3   | Found a gate leading to a gauntlet.
 17126 | Lair:3   | Reached skill level 10 in Dodging
 17132 | Lair:3   | Found a runed translucent door.
 17167 | Gauntlet | Entered a Gauntlet
 17167 | Gauntlet | Found a transporter.
 17170 | Gauntlet | Found a transporter.
 17172 | Gauntlet | Found a transporter.
 17188 | Gauntlet | Found a transporter.
 17189 | Gauntlet | Found a transporter.
 17190 | Gauntlet | Noticed a blizzard demon
 17197 | Gauntlet | Found a transporter.
 17214 | Gauntlet | Found a transporter.
 17221 | Gauntlet | Found a transporter.
 17226 | Gauntlet | Noticed an entropy weaver
 17233 | Gauntlet | Found a runed translucent door.
 17234 | Gauntlet | Found a transporter.
 17235 | Gauntlet | Found a runed translucent door.
 17252 | Gauntlet | Found a transporter.
 17261 | Gauntlet | Found a transporter.
 17263 | Gauntlet | Found a transporter.
 17348 | Gauntlet | Found a transporter.
 17348 | Gauntlet | Found a transporter.
 17462 | Gauntlet | HP: 1/122 [red devil/+0 trident (18)]
 17464 | Gauntlet | Slain by a red devil

Illustrated notes

Levels and vault maps discovered:
D:1:      dpeg_arrival_rhombus, layout_basic
D:2:      layout_basic, basic_altar, shapermc_ecumenical_altar_gd
D:3:      layout_basic, lemuel_tele_altar
D:4:      layout_rooms, gammafunk_ghost_nasty_kobolds, minmay_misc_feat_chi,
          uniq_pikel
D:5:      layout_basic, minmay_manual_moon
D:6:      layout_cave_pools, mainiacjoe_overflow_cross_hatched,
          minmay_crystal_water, uniq_duvessa
D:7:      layout_basic, gammafunk_temple_overflow_arena,
          minmay_temple_entry_proselytizer, serial_shops, shop_fountains,
          enter_bailey_5
D:8:      layout_loops_cross, uniq_grum
D:9:      layout_loops_ring, david_orc_2, uniq_joseph, uniq_jeremiah
D:10:     layout_basic, nemelex_altar_shiori, dpeg_oklobed_lair, serial_shops,
          nicolae_shop_bloodbath_and_beyond
D:11:     layout_roguey
Lair:1:   layout_regular_city, portal_ice_cave_entry_imps, minivault_19
Lair:2:   layout_layer_cave, swamp_mist, grunt_megastairs_4,
          serial_bayou_shore_a, uniq_gastronok
Lair:3:   dreamdust_labyrinth, layout_cave_pods,
          nicolae_spider_entry_non_spiders, gauntlet_entry_generic,
          kilobyte_rumbling_trees
Gauntlet: minmay_gauntlet_77_tree [minmay_gauntlet_arena_77_terracotta_army,
          minmay_gauntlet_arena_77_box, minmay_gauntlet_arena_77_two_paths,
          minmay_gauntlet_arena_77_broken_ladder,
          minmay_gauntlet_arena_77_two_lines,
          minmay_gauntlet_arena_77_radiant_squares,
          minmay_gauntlet_arena_77_cramped, gauntlet_exit_hidden_loot]

Skill      XL: |  1  2  3  4  5  6  7  8  9 10 11 12 |
---------------+-------------------------------------+-----
Unarmed Combat | 4 5 6 8 9 10 9 10 | 10.2
Throwing       | 6 8 10 | 10.0
Fighting       | 3 9 10 | 10.0
Dodging        | 6 10 | 10.0

Action                     |  1- 3 |  4- 6 |  7- 9 | 10-12 || total
---------------------------+-------+-------+-------+-------++-------
  Melee: Unarmed           |    63 |    78 |   199 |   474 ||   814
         Punch             |       |     5 |     6 |    39 ||    50
  Throw: Large rock        |       |     3 |    13 |    33 ||    49
         Dart              |       |    10 |    34 |    85 ||   129
         Boomerang         |       |     1 |    29 |   124 ||   154
         Throwing net      |       |       |     1 |     2 ||     3
 Invoke: Sacrifice Stealth |       |       |     1 |       ||     1
         Sacrifice Skill   |       |       |     1 |       ||     1
         Reject Sacrifices |       |       |       |     1 ||     1
         Sacrifice Arcana  |       |       |       |     1 ||     1
         Draw Out Power    |       |       |       |     3 ||     3
  Evoke: Wand              |       |       |       |     1 ||     1
    Use: Scroll            |     7 |       |     6 |    12 ||    25
         Potion            |       |     1 |     1 |     8 ||    10
   Stab: Distracted        |       |       |       |     1 ||     1
         Held in net/web   |       |       |       |     1 ||     1
 Armour: Robe              |    29 |    68 |   111 |   360 ||   568
         Skin              |       |     5 |       |       ||     5
  Dodge: Dodged            |    24 |    50 |    76 |   251 ||   401

Table legend: (Time is in decaauts)
 A = Elapsed time spent in this place.
 B = Non-inter-level travel time spent in this place.
 C = Inter-level travel time spent in this place.
 D = Time resting spent in this place.
 E = Time spent auto-exploring this place.
 F = Levels seen in this place.
 G = Mean time per level.
                   A        B        C        D        E       F      G
               +--------+--------+--------+--------+--------+-----+--------+
         Total |  17303 |  16756 |    547 |   5410 |   7220 |  17 | 1017.8 |
       Dungeon |  12161 |  11783 |    378 |   3728 |   6015 |  11 | 1105.5 |
          Lair |   3119 |   2950 |    169 |    744 |   1071 |   3 | 1039.7 |
        Bailey |    479 |    479 |      0 |    150 |      0 |   1 |  479.0 |
      Ice Cave |   1248 |   1248 |      0 |    787 |    134 |   1 | 1248.0 |
      Gauntlet |    295 |    295 |      0 |      0 |      0 |   1 |  295.0 |
               +--------+--------+--------+--------+--------+-----+--------+

Top non-repeatable levels by time:
    D:10: 2130 daAuts
     D:3: 1774 daAuts
  Lair:2: 1623 daAuts
     D:8: 1588 daAuts
  Lair:1: 1423 daAuts
     D:4: 1261 daAuts
   IceCv: 1248 daAuts
     D:9: 1132 daAuts
     D:7: 1085 daAuts
     D:5: 954 daAuts
     D:6: 717 daAuts
     D:1: 667 daAuts
     D:2: 584 daAuts
  Bailey: 479 daAuts
Gauntlet: 295 daAuts
